 Dungeon Crawl Stone Soup version 0.26-a0-720-g2a1d101370 (webtiles) character file.

Game seed: 15204694395864079990

23984 Riddle the Ogre Mage (level 13, -4/135 HPs)
             Began as an Ogre Conjurer on Nov 2, 2020.
             Was a Believer of Vehumet.
             Slain by a seven-headed hydra (6 damage)
             ... on level 14 of the Dungeon.
             The game lasted 00:52:19 (21968 turns).

Riddle the Ogre Mage (Ogre Conjurer)               Turns: 21968, Time: 00:52:20

Health: -4/135     AC:  5    Str: 14    XL:     13   Next: 10%
Magic:  28/29      EV: 12    Int: 23    God:    Vehumet [**....]
Gold:   1264       SH:  0    Dex:  7    Spells: 27/37 levels left

rFire    + . .     SeeInvis .   U - +2 double sword (holy)
rCold    + . .     Faith    .   (no shield)
rNeg     . . .     Spirit   .   K - +0 troll leather armour
rPois    .         Reflect  .   (helmet restricted)
rElec    .         Harm     .   H - scarf {rC+ rF+}
rCorr    .         Rampage  .   (gloves unavailable)
MR       +....                  (boots unavailable)
Stlth    +.........             N - amulet of magic regeneration
HPRegen  0.72/turn              (no ring)
MPRegen  0.46/turn              (no ring)

@: about to teleport
A: large, unfitting armour, tough skin 1
a: Renounce Religion


You were on level 14 of the Dungeon.
You worshipped Vehumet.
Vehumet was pleased with you.
You visited 2 branches of the dungeon, and saw 16 of its levels.
You also visited: Sewer.

You collected 1264 gold pieces.

Inventory:

Hand Weapons
 U - a +2 double sword of holy wrath (weapon)
Missiles
 z - a throwing net (quivered)
Armour
 H - a scarf of resistance (worn)
 K - a +0 troll leather armour (worn)
Magical Staves
 L - an uncursed staff of earth
Jewellery
 w - an uncursed amulet of the acrobat
 E - an uncursed ring of wizardry {unknown}
 G - an uncursed ring of ice
 N - an amulet of magic regeneration (around neck)
 O - an uncursed amulet of guardian spirit
 S - an uncursed ring of fire
 W - an uncursed ring of flight
Wands
 o - a wand of acid (5)
 q - a wand of flame (28)
 u - a wand of polymorph (25)
 v - a wand of paralysis (8)
 I - a wand of disintegration (29)
 J - a wand of iceblast (13)
 P - a wand of digging (17)
Scrolls
 b - 9 scrolls of remove curse
 c - 2 scrolls of teleportation
 d - 8 scrolls of magic mapping {unknown}
 e - 3 scrolls of blinking
 h - 4 scrolls of enchant armour {unknown}
 j - 5 scrolls of amnesia
 k - 12 scrolls of identify
 l - 5 scrolls of enchant weapon {unknown}
 x - 5 scrolls of fog {unknown}
 y - a scroll of fear {unknown}
 A - a scroll of vulnerability {unknown}
 B - 2 scrolls of random uselessness {unknown}
 C - a scroll of immolation {unknown}
 D - a scroll of noise {unknown}
 V - a scroll of brand weapon {unknown}
Potions
 a - a potion of cancellation {unknown}
 f - 5 potions of heal wounds
 g - 2 potions of stabbing {unknown}
 i - a potion of resistance {unknown}
 m - 4 potions of curing {unknown}
 n - 3 potions of brilliance {unknown}
 p - 4 potions of flight {unknown}
 r - 3 potions of haste {unknown}
 s - 2 potions of might {unknown}
 t - 2 potions of magic {unknown}
 F - 3 potions of ambrosia {unknown}
 Q - 2 potions of lignification {unknown}
 R - a potion of degeneration {unknown}
 T - a potion of invisibility {unknown}


   Skills:
 + Level 10.5 Fighting
 + Level 7.9 Dodging
 - Level 1.4 Stealth
 * Level 12.8 Spellcasting
 + Level 8.7 Conjurations
 * Level 10.4 Hexes


You had 27 spell levels left.
You knew the following spells:

 Your Spells              Type           Power        Failure   Level
a - Magic Dart            Conj           ####         1%          1
b - Searing Ray           Conj           ######       1%          2
c - Dazzling Flash        Conj/Hex       ######       1%          3
d - Fulminant Prism       Conj/Hex       ######....   1%          4

Your spell library contained the following spells:

 Spells                   Type           Power        Failure   Level
 Stone Arrow              Conj/Erth      ####..       2%          3
 Corona                   Hex            ######.      1%          1
 Ensorcelled Hibernation  Hex/Ice        #####.       1%          2
 Confusing Touch          Hex            ######..     1%          3
 Tukima's Dance           Hex            ######..     1%          3
 Animate Skeleton         Necr           ##....       5%          1
 Apportation              Tloc           ##....       5%          1
 Summon Small Mammal      Summ           ##..         5%          1
 Iskenderun's Mystic Bla  Conj/Tloc      ####....     9%          4


Dungeon Overview and Level Annotations

Branches:
Dungeon (15/15)            Temple (1/1) D:6            Lair (0/6) D:9
    Orc (0/2) D:10          Sewer (visited)
 Vaults: D:13-14     Depths: D:15

Altars:
Ashenzari
Cheibriados
Dithmenos
Elyvilon
Fedhas
Gozag
Hepliaklqana
Kikubaaqudgha
Makhleb
Nemelex Xobeh
Okawaru
Qazlal
Ru
Sif Muna
Trog
Uskayaw
Vehumet
Wu Jian
Xom
Yredelemnul
Zin
The Shining One

Shops:
D:15 [

Annotations:
D:10 exclusion: downstairs


Innate Abilities, Weirdness & Mutations

You are too large for most types of armour.
You have tough skin. (AC +1)


Message History

The seven-headed hydra bites you.
Unknown command.
Okay, then.
Press: ? - help, Shift-Dir - straight line, f/p - seven-headed hydra
Aim: a seven-headed hydra (moderately wounded, chance to defeat MR: 15%)
Okay, then.
As you read the scroll of teleportation, it crumbles to dust.
You feel strangely unstable. The seven-headed hydra bites you!
* * * LOW HITPOINT WARNING * * *
The seven-headed hydra bites you!
* * * LOW HITPOINT WARNING * * *
The seven-headed hydra bites you.
* * * LOW HITPOINT WARNING * * *
The seven-headed hydra bites you.
* * * LOW HITPOINT WARNING * * *
The seven-headed hydra closely misses you.
The seven-headed hydra bites you!
* * * LOW HITPOINT WARNING * * *
The seven-headed hydra bites you.
You die...

#.# ### #.##
#.#####).##
#.........##
#.######...##
#####.###.#
#.#..#
#...#.....#
#.##.##
#.#V#####.#
#.##...
.V.#.D@....#
#.#####
#############
#[# #.# #.#
#.# #># #.#
#.# #.#


You could see a seven-headed hydra and a vampire.

Vanquished Creatures
  Nessos (D:13)
  Snorg (D:10)
  A vault guard (D:14)
  3 hydras
  A centaur warrior (D:13)
  5 two-headed ogres
  Urug (D:12)
  A manticore (D:13)
  2 ugly things
  2 cyclopes (D:14)
  A cane toad (shapeshifter) (D:12)
  A gargoyle (D:14)
  2 trolls
  A tengu conjurer (D:14)
  2 shadows
  A wyvern (D:9)
  16 yaks
  Eustachio (D:5)
  2 wraiths
  A water moccasin (D:12)
  5 orc warriors
  5 ice beasts
  5 sky beasts
  5 black bears
  2 phantoms
  8 ogres
  2 necrophages
  An eye of draining (D:9)
  9 centaurs
  3 big kobolds
  14 bullfrogs
  3 wyvern zombies
  6 scorpions
  6 killer bees (D:11)
  6 wights (D:7)
  An electric eel (D:13)
  4 howler monkeys
  5 centaur zombies
  3 jellies
  3 bullfrog zombies
  6 hounds
  4 bullfrog skeletons
  15 orc wizards
  A gnoll shaman (D:8)
  9 orc priests
  A centaur skeleton (D:9)
  2 iguanas
  9 worker ants
  A killer bee zombie (D:6)
  A hound zombie (D:11)
  A hound skeleton (D:9)
  22 gnolls
  17 adders
  A shadow imp (D:6)
  A white imp (D:5)
  2 ufetubi
  3 oozes
  3 adder skeletons (D:7)
  3 adder zombies
  2 worms
  9 leopard geckos
  57 orcs
  8 ball pythons
  8 bats
  12 giant cockroaches
  12 goblins
  8 hobgoblins
  14 jackals
  8 quokkas
  A ball python skeleton (D:4)
  7 frilled lizards
  A jackal skeleton (D:6)
  18 kobolds
  A leopard gecko skeleton (D:4)
  A quokka skeleton (D:9)
  6 rats
  3 fulminant prisms (D:11)
420 creatures vanquished.

Vanquished Creatures (others)
  105 fulminant prisms
  14 plants
119 creatures vanquished.

Grand Total: 539 creatures vanquished

Notes
Turn   | Place    | Note
-------+----------+-------------------------------------------
     0 | D:1      | Riddle the Ogre Conjurer began the quest for the Orb.
     0 | D:1      | Reached XP level 1. HP: 16/16 MP: 3/3
   259 | D:1      | Reached XP level 2. HP: 26/26 MP: 1/5
   752 | D:1      | Reached skill level 1 in Fighting
   946 | D:2      | Reached skill level 3 in Spellcasting
   946 | D:2      | Reached XP level 3. HP: 33/33 MP: 1/7
  1819 | D:2      | Reached XP level 4. HP: 41/41 MP: 2/8
  1893 | D:2      | Learned a level 2 spell: Searing Ray
  1897 | D:2      | Learned a level 3 spell: Dazzling Flash
  2260 | D:3      | Found a glowing silver altar of Zin.
  2818 | D:3      | Reached XP level 5. HP: 41/49 MP: 3/10
  2889 | D:2      | Reached skill level 1 in Hexes
  3449 | D:4      | Reached skill level 4 in Spellcasting
  3678 | D:4      | Noticed a phantom
  3703 | D:4      | Killed a phantom
  3703 | D:4      | Reached XP level 6. HP: 37/59 MP: 0/12
  3819 | D:4      | Learned a level 4 spell: Fulminant Prism
  4875 | D:4      | Found an ornate altar of the Wu Jian Council.
  5320 | D:5      | Entered Level 5 of the Dungeon
  5379 | D:5      | Reached XP level 7. HP: 67/67 MP: 7/14
  5387 | D:5      | Found a glowing drain.
  5499 | D:5      | Reached skill level 5 in Spellcasting
  5547 | Sewer    | Entered a sewer
  6933 | D:5      | Noticed Eustachio
  7122 | D:5      | Killed Eustachio
  7212 | D:5      | Reached skill level 5 in Conjurations
  7212 | D:5      | Reached XP level 8. HP: 78/78 MP: 8/16
  7651 | D:6      | Reached skill level 6 in Spellcasting
  8210 | D:6      | Found a staircase to the Ecumenical Temple.
  8233 | Temple   | Entered the Ecumenical Temple
  8702 | D:6      | Reached skill level 5 in Fighting
  8840 | D:6      | Found a burning altar of Makhleb.
  9062 | D:7      | Noticed a brown ugly thing
  9073 | D:7      | Killed a brown ugly thing
  9073 | D:7      | Reached skill level 7 in Spellcasting
  9073 | D:7      | Reached skill level 5 in Hexes
  9073 | D:7      | Reached XP level 9. HP: 45/88 MP: 7/20
 10086 | D:7      | Reached skill level 8 in Spellcasting
 10898 | D:7      | Reached skill level 5 in Dodging
 10980 | D:8      | Noticed a two-headed ogre
 11011 | D:8      | Found a sacrificial altar of Ru.
 11035 | D:8      | Reached XP level 10. HP: 60/100 MP: 11/22
 11504 | D:7      | Killed a two-headed ogre
 11504 | D:7      | Reached skill level 9 in Spellcasting
 11782 | D:8      | Noticed a two-headed ogre
 11973 | D:8      | Killed a two-headed ogre
 12299 | D:8      | Found a white marble altar of Elyvilon.
 12856 | D:9      | Found a staircase to the Lair.
 12862 | D:9      | Found a shadowy altar of Dithmenos.
 13263 | D:9      | Reached skill level 10 in Spellcasting
 13263 | D:9      | Reached XP level 11. HP: 109/110 MP: 8/25
 13605 | D:9      | Noticed a two-headed ogre
 13613 | D:9      | Killed a two-headed ogre
 13866 | D:9      | Found a hazy altar of Hepliaklqana.
 13867 | D:9      | Found a radiant altar of Vehumet.
 13952 | D:9      | Found a white marble altar of Elyvilon.
 14059 | D:9      | Found a sparkling altar of Nemelex Xobeh.
 14060 | D:9      | Found an iron altar of Okawaru.
 14159 | D:10     | Entered Level 10 of the Dungeon
 14658 | D:10     | Found a staircase to the Orcish Mines.
 15135 | D:10     | Noticed a seven-headed hydra
 15147 | D:10     | Killed a seven-headed hydra
 15238 | D:10     | Noticed Snorg
 15585 | D:10     | Killed Snorg
 15585 | D:10     | Reached skill level 11 in Spellcasting
 16410 | D:9      | Became a worshipper of Vehumet
 16532 | D:11     | Noticed a purple ugly thing
 16689 | D:10     | Killed a purple ugly thing
 16884 | D:11     | Noticed a six-headed hydra
 17081 | D:11     | Reached * piety under Vehumet
 17081 | D:11     | Offered knowledge of Shock by Vehumet.
 17289 | D:10     | Reached XP level 12. HP: 102/122 MP: 5/27
 17602 | D:11     | Killed a six-headed hydra
 18488 | D:12     | Noticed a seven-headed hydra
 18488 | D:12     | Noticed a two-headed ogre
 18499 | D:12     | Killed a two-headed ogre
 18501 | D:12     | Killed a seven-headed hydra
 19222 | D:12     | Reached ** piety under Vehumet
 19222 | D:12     | Offered knowledge of Sandblast by Vehumet.
 19413 | D:13     | Noticed Urug
 19418 | D:13     | Noticed a centaur warrior
 19419 | D:13     | Noticed Nessos
 19568 | D:12     | Killed Urug
 19568 | D:12     | Reached skill level 12 in Spellcasting
 20038 | D:13     | Killed a centaur warrior
 20151 | D:13     | Killed Nessos
 20151 | D:13     | Reached skill level 10 in Fighting
 20151 | D:13     | Reached skill level 10 in Hexes
 21115 | D:14     | Noticed a vault guard
 21316 | D:14     | Killed a vault guard
 21413 | D:14     | Noticed a vault guard
 21417 | D:14     | You fall into a shaft and drop 1 floor!
 21417 | D:15     | Entered Level 15 of the Dungeon
 21434 | D:15     | Found Nyzatix's Armour Shoppe.
 21434 | D:15     | Noticed a two-headed ogre
 21441 | D:15     | Killed a two-headed ogre
 21441 | D:15     | Reached XP level 13. HP: 125/135 MP: 15/29
 21632 | D:14     | Offered knowledge of Stone Arrow by Vehumet.
 21968 | D:14     | HP: 2/135 [seven-headed hydra (14)]
 21968 | D:14     | Slain by a seven-headed hydra

Illustrated notes

Levels and vault maps discovered:
D:1:      lightli_arrival_windingriver, layout_rooms
D:2:      layout_basic
D:3:      layout_rooms, nicolae_overflow_crystal_walls, serial_curves,
          eino_curves_03, eino_curves_02, eino_curves_01
D:4:      layout_gridville, lemuel_crystal_altar, minmay_pentangle
D:5:      layout_basic, gup_sewer_entry_glass, minmay_fountain_box,
          uniq_eustachio
D:6:      layout_gridville, marbit_many_paths, minmay_temple_entry_stoned_glass,
          feat_on_display
D:7:      layout_basic
D:8:      layout_rooms, kennysheep_mini, elyvilon_altar_3
D:9:      minmay_imperfect_grid, layout_rooms, nicolae_overflow_hidden_temple,
          gammafunk_temple_overflow_pools,
          chequers_temple_overflow_statue_of_worship, lair_entry_dummy,
          basic_altar
D:10:     layout_stronghold, hiddenorc2_lemuel, uniq_snorg
D:11:     layout_rooms
D:12:     layout_roguey
D:13:     layout_loops_ring, st_stairs_1, nrook_pool_corridor, uniq_urug,
          uniq_nessos
D:14:     layout_roguey, grunt_vaults_entry_fortified, minmay_misc_feat_encased,
          gauntlet_entry_generic
D:15:     grunt_enter_depths_hoard, layout_basic, serial_shops, shop,
          serial_bayou_pond_c, minmay_misc_feat_four_crosses
Temple:   minmay_temple_bridge_abc

Skill      XL: |  1  2  3  4  5  6  7  8  9 10 11 12 |
---------------+-------------------------------------+-----
Dodging        | 2 3 4 5 6 7 |  7.9
Fighting       | 1 2 3 4 5 6 7 9 10 | 10.5
Spellcasting   | 3 4 5 7 8 10 11 12 | 12.8
Conjurations   | 4 5 6 7 8 |  8.7
Hexes          | 2 3 5 6 7 9 10 | 10.4
Stealth        | |  1.4

Action                   |  1- 3 |  4- 6 |  7- 9 | 10-12 | 13-15 || total
-------------------------+-------+-------+-------+-------+-------++-------
Melee: Unarmed           |    30 |       |       |       |       ||    30
       Mace              |     3 |       |       |       |       ||     3
       Rapier            |       |    11 |       |       |       ||    11
       Halberd           |       |       |     2 |     6 |       ||     8
       Long sword        |       |       |       |     2 |       ||     2
       Double sword      |       |       |       |     2 |       ||     2
 Cast: Magic Dart        |    71 |   180 |   163 |   302 |     5 ||   721
       Searing Ray       |       |     7 |    43 |   136 |    11 ||   197
       Dazzling Flash    |       |     1 |       |     1 |       ||     2
       Fulminant Prism   |       |       |    17 |    87 |     5 ||   109
  Use: Scroll            |       |     2 |     4 |     1 |     6 ||    13
       Potion            |       |       |       |     1 |       ||     1
Armor: Robe              |    19 |    13 |    14 |     3 |       ||    49
       Troll leather arm |       |       |       |    39 |     1 ||    40
Dodge: Dodged            |    30 |    40 |    72 |   291 |    19 ||   452
       Rpst.: Long sword |       |       |       |    29 |       ||    29
       Double sword      |       |       |       |     6 |       ||     6

Table legend: (Time is in decaauts)
 A = Elapsed time spent in this place.
 B = Non-inter-level travel time spent in this place.
 C = Inter-level travel time spent in this place.
 D = Time resting spent in this place.
 E = Time spent auto-exploring this place.
 F = Levels seen in this place.
 G = Mean time per level.
                   A        B        C        D        E       F      G
               +--------+--------+--------+--------+--------+-----+--------+
         Total |  22105 |  21261 |    844 |   9215 |   8585 |  17 | 1300.3 |
       Dungeon |  20507 |  19663 |    844 |   8335 |   8146 |  15 | 1367.1 |
        Temple |    231 |    231 |      0 |      0 |    171 |   1 |  231.0 |
         Sewer |   1365 |   1365 |      0 |    880 |    268 |   1 | 1365.0 |
               +--------+--------+--------+--------+--------+-----+--------+

Top non-repeatable levels by time:
    D:10: 3032 daAuts
     D:7: 2523 daAuts
     D:4: 1953 daAuts
     D:9: 1541 daAuts
     D:2: 1489 daAuts
    D:13: 1377 daAuts
   Sewer: 1365 daAuts
     D:6: 1343 daAuts
    D:12: 1307 daAuts
     D:3: 1151 daAuts
     D:8: 1118 daAuts
    D:11: 1033 daAuts
     D:1: 893 daAuts
     D:5: 825 daAuts
    D:14: 762 daAuts
